TOP OF THE 1ST |
Williamsport Crosscutters batting - Pitching for Hillsboro Hops : RHP Jose Rodas
|
Pitching: RHP Jose Rodas
|
|
Batting: RHB Xavier Castellanos
|
0-0: Called Strike 0-1: Ball 1-1: Called Strike 1-2: Ball 2-2: Strikes out swinging
|
Batting: RHB Jason Ostrom
|
0-0: Fly out, F8 (Flyball, 8RD, EV 80.6 MPH)
|
Batting: RHB John Manocchio
|
0-0: Foul Ball, location: 2F 0-1: Foul Ball, location: 2F 0-2: Ball 1-2: Ball 2-2: Fly out, F7 (Flyball, 7LS, EV 90.0 MPH)
|
Top of the 1st over - 0 runs, 0 hits, 0 errors, 0 left on base; Williamsport 0 - Hillsboro 0 |
BOTTOM OF THE 1ST |
Hillsboro Hops batting - Pitching for Williamsport Crosscutters : LHP Drew Roemer
|
Pitching: LHP Drew Roemer
|
|
Batting: RHB Yutaka Oki
|
0-0: Called Strike 0-1: Foul Ball, location: 2F 0-2: Ball 1-2: Ball 2-2: Foul Ball, location: 2F 2-2: Foul Ball, location: 2F 2-2: Fly out, F8 (Flyball, 89XD, EV 99.4 MPH)
|
Batting: RHB Daniel Rivera
|
0-0: Ball 1-0: Foul Ball, location: 2F 1-1: Ball 2-1: Foul Ball, location: 2F 2-2: Foul Ball, location: 2F 2-2: Foul Ball, location: 2F 2-2: DOUBLE (Groundball, 5L, EV 106.2 MPH)
|
Batting: RHB Terry Jarrells
|
0-0: Called Strike 0-1: Ball 1-1: SINGLE (Groundball, 6D, EV 95.6 MPH) Daniel Rivera to third
|
Batting: RHB Mike Swift
|
0-0: Ball 1-0: Ball 2-0: Called Strike 2-1: Foul Ball, location: 2F 2-2: Strikes out swinging
|
Batting: LHB Franklin Quezada
|
0-0: Ball 1-0: SINGLE (Groundball, 5S, EV 67.5 MPH) (infield hit) Daniel Rivera scores Terry Jarrells to second
|
Batting: RHB Cesar Rendon
|
0-0: Called Strike 0-1: Called Strike 0-2: Strikes out looking
|
Bottom of the 1st over - 1 run, 3 hits, 0 errors, 2 left on base; Williamsport 0 - Hillsboro 1 |
TOP OF THE 2ND |
Williamsport Crosscutters batting - Pitching for Hillsboro Hops : RHP Jose Rodas
|
Batting: RHB John Parra
|
0-0: Called Strike 0-1: Ball 1-1: Ball 2-1: Ball 3-1: Base on Balls
|
Batting: SHB Nick Chandler
|
0-0: Called Strike John Parra steals 2nd base 0-1: Ball 1-1: Ball 2-1: Swinging Strike 2-2: Strikes out looking
|
Batting: LHB Chris Moody
|
0-0: Fly out, F8 (Flyball, 89M, EV 90.0 MPH)
|
Batting: SHB Art Kent
|
0-0: Ball 1-0: Ball 2-0: Ball 3-0: Base on Balls
|
Batting: RHB Shintaro Katsumata
|
0-0: Foul Ball, location: 2F 0-1: Foul Ball, location: 2F 0-2: Strikes out swinging
|
Top of the 2nd over - 0 runs, 0 hits, 0 errors, 2 left on base; Williamsport 0 - Hillsboro 1 |
BOTTOM OF THE 2ND |
Hillsboro Hops batting - Pitching for Williamsport Crosscutters : LHP Drew Roemer
|
Batting: RHB Jonathan Underhill
|
0-0: Ball 1-0: Ball 2-0: Ball 3-0: Called Strike 3-1: Reached on error, E2 (Groundball, 2R, EV 66.2 MPH)
|
Batting: RHB Ryuki Ogasawara
|
0-0: Called Strike 0-1: Foul Ball, location: 2F 0-2: Ball Wild Pitch! Jonathan Underhill to third 1-2: Ball 2-2: Strikes out swinging
|
Batting: RHB John Ricketts
|
0-0: TRIPLE (Flyball, 89XD, EV 93.8 MPH) Jonathan Underhill scores
|
Batting: RHB Yutaka Oki
|
0-0: Ball 1-0: Foul Ball, location: 2F 1-1: Foul Ball, location: 2F 1-2: Ball 2-2: Ground out 4-3 (Groundball, 4, EV 81.9 MPH) John Ricketts scores
|
Batting: RHB Daniel Rivera
|
0-0: Called Strike 0-1: Fly out, F7 (Flyball, 7D, EV 87.5 MPH)
|
Bottom of the 2nd over - 2 runs, 1 hit, 1 error, 0 left on base; Williamsport 0 - Hillsboro 3 |
TOP OF THE 3RD |
Williamsport Crosscutters batting - Pitching for Hillsboro Hops : RHP Jose Rodas
|
Batting: RHB Micah McErlean
|
0-0: Called Strike 0-1: Ball 1-1: Ball 2-1: DOUBLE (Line Drive, 7LS, EV 111.2 MPH)
|
Batting: RHB Xavier Castellanos
|
0-0: Swinging Strike 0-1: Ball 1-1: Ball 2-1: Ball 3-1: Base on Balls
|
Batting: RHB Jason Ostrom
|
0-0: Called Strike 0-1: Ball 1-1: Ball 2-1: Ball 3-1: Called Strike 3-2: Strikes out looking
|
Batting: RHB John Manocchio
|
0-0: Ball 1-0: Grounds into double play, 4-6-3 (Groundball, 34, EV 83.8 MPH)
|
Top of the 3rd over - 0 runs, 1 hit, 0 errors, 1 left on base; Williamsport 0 - Hillsboro 3 |
BOTTOM OF THE 3RD |
Hillsboro Hops batting - Pitching for Williamsport Crosscutters : LHP Drew Roemer
|
DELAY
|
Rain delay of 29 minutes in the 3rd inning.
|
Batting: RHB Terry Jarrells
|
0-0: Ball 1-0: Foul Ball, location: 2F 1-1: Ball 2-1: Swinging Strike 2-2: Ball 3-2: Ground out 4-3 (Groundball, 4, EV 90.6 MPH)
|
Batting: RHB Mike Swift
|
0-0: Ball 1-0: Ball 2-0: Foul Ball, location: 2F 2-1: Swinging Strike 2-2: Strikes out swinging
|
Batting: LHB Franklin Quezada
|
0-0: Ground out 3-1 (Groundball, 34, EV 110.0 MPH)
|
Bottom of the 3rd over - 0 runs, 0 hits, 0 errors, 0 left on base; Williamsport 0 - Hillsboro 3 |
TOP OF THE 4TH |
Williamsport Crosscutters batting - Pitching for Hillsboro Hops : RHP Jose Rodas
|
Batting: RHB John Parra
|
0-0: Fly out, F9 (Flyball, 9S, EV 87.5 MPH)
|
Batting: SHB Nick Chandler
|
0-0: Foul Ball, location: 2F 0-1: Ball 1-1: Foul Ball, location: 2F 1-2: Ball 2-2: Ball 3-2: Ground out 4-3 (Groundball, 4, EV 78.1 MPH)
|
Batting: LHB Chris Moody
|
0-0: Ball 1-0: Called Strike 1-1: Swinging Strike 1-2: Foul Ball, location: 2F 1-2: Foul Ball, location: 2F 1-2: Strikes out swinging
|
Top of the 4th over - 0 runs, 0 hits, 0 errors, 0 left on base; Williamsport 0 - Hillsboro 3 |
BOTTOM OF THE 4TH |
Hillsboro Hops batting - Pitching for Williamsport Crosscutters : LHP Drew Roemer
|
Batting: RHB Cesar Rendon
|
0-0: Called Strike 0-1: Ball 1-1: Foul Ball, location: 2F 1-2: Foul Ball, location: 2F 1-2: Strikes out swinging
|
Batting: RHB Jonathan Underhill
|
0-0: Fly out, F7 (Flyball, 78D, EV 100.6 MPH)
|
Batting: RHB Ryuki Ogasawara
|
0-0: Ball 1-0: Called Strike 1-1: Swinging Strike 1-2: Ball 2-2: Foul Ball, location: 2F 2-2: Strikes out swinging
|
Bottom of the 4th over - 0 runs, 0 hits, 0 errors, 0 left on base; Williamsport 0 - Hillsboro 3 |
TOP OF THE 5TH |
Williamsport Crosscutters batting - Pitching for Hillsboro Hops : RHP Jose Rodas
|
Batting: SHB Art Kent
|
0-0: Ball 1-0: Called Strike 1-1: Called Strike 1-2: Strikes out swinging
|
Batting: RHB Shintaro Katsumata
|
0-0: Called Strike 0-1: Ground out 5-3 (Groundball, 56, EV 104.4 MPH)
|
Batting: RHB Micah McErlean
|
0-0: Ball 1-0: Ball 2-0: Ground out 6-3 (Groundball, 6, EV 103.1 MPH)
|
Top of the 5th over - 0 runs, 0 hits, 0 errors, 0 left on base; Williamsport 0 - Hillsboro 3 |
BOTTOM OF THE 5TH |
Hillsboro Hops batting - Pitching for Williamsport Crosscutters : LHP Drew Roemer
|
Batting: RHB John Ricketts
|
0-0: Ball 1-0: Ball 2-0: Ball 3-0: Base on Balls
|
Batting: RHB Yutaka Oki
|
0-0: Called Strike 0-1: Foul Ball, location: 2F 0-2: Ball 1-2: Ball 2-2: Foul Ball, location: 2F 2-2: Foul Ball, location: 2F 2-2: Strikes out swinging
|
Batting: RHB Daniel Rivera
|
0-0: Ball Wild Pitch! John Ricketts to second 1-0: Called Strike 1-1: Called Strike 1-2: Ground out U3 (Groundball, 13, EV 82.5 MPH) John Ricketts to third
|
Batting: RHB Terry Jarrells
|
0-0: Foul Ball, location: 2F 0-1: Ball 1-1: Called Strike 1-2: Ground out 5-3 (Groundball, 56S, EV 84.4 MPH)
|
Bottom of the 5th over - 0 runs, 0 hits, 0 errors, 1 left on base; Williamsport 0 - Hillsboro 3 |
TOP OF THE 6TH |
Williamsport Crosscutters batting - Pitching for Hillsboro Hops : RHP Jose Rodas
|
Batting: RHB Xavier Castellanos
|
0-0: Called Strike 0-1: Ball 1-1: Called Strike 1-2: Foul Ball, location: 2F 1-2: Ball 2-2: Ball 3-2: Base on Balls
|
Batting: RHB Jason Ostrom
|
0-0: Fielders Choice at 2nd, 5-4 (Groundball, 56, EV 105.6 MPH)
|
Batting: RHB John Manocchio
|
0-0: Called Strike 0-1: Ball Jason Ostrom steals 2nd base 1-1: Ball 2-1: Ball 3-1: Base on Balls
|
Batting: RHB John Parra
|
0-0: Ball 1-0: Foul Ball, location: 2F 1-1: SINGLE (Groundball, 34D, EV 93.8 MPH) Jason Ostrom to third John Manocchio to second Runner from 3rd tries for Home, throw by RF and OUT! 9-2
|
Batting: SHB Nick Chandler
|
0-0: Foul Ball, location: 2F 0-1: Ball 1-1: Ball 2-1: Swinging Strike 2-2: Strikes out swinging
|
Top of the 6th over - 0 runs, 1 hit, 0 errors, 2 left on base; Williamsport 0 - Hillsboro 3 |
BOTTOM OF THE 6TH |
Hillsboro Hops batting - Pitching for Williamsport Crosscutters : LHP Drew Roemer
|
Batting: RHB Mike Swift
|
0-0: Called Strike 0-1: Ball 1-1: Ball 2-1: Foul Ball, location: 2F 2-2: Ball 3-2: Base on Balls
|
Pitching: RHP David Deon
|
|
Batting: LHB Franklin Quezada
|
0-0: Ball 1-0: Ball 2-0: Foul Ball, location: 2F 2-1: Fielders Choice at 2nd, 6-4 (Groundball, 6, EV 77.5 MPH)
|
Batting: RHB Cesar Rendon
|
0-0: Called Strike Franklin Quezada steals 2nd base (no throw) 0-1: Ball 1-1: Ball 2-1: Ball 3-1: Fly out, F8 (Flyball, 8RM, EV 91.9 MPH)
|
Batting: RHB Jonathan Underhill
|
0-0: Ball 1-0: Ball 2-0: Foul Ball, location: 2F 2-1: Fly out, F9 (Line Drive, 9, EV 95.0 MPH)
|
Bottom of the 6th over - 0 runs, 0 hits, 0 errors, 1 left on base; Williamsport 0 - Hillsboro 3 |
TOP OF THE 7TH |
Williamsport Crosscutters batting - Pitching for Hillsboro Hops : RHP Jose Rodas
|
Batting: LHB Chris Moody
|
0-0: Foul Ball, location: 2F 0-1: SINGLE (Flyball, 5D, EV 87.5 MPH)
|
Batting: SHB Art Kent
|
0-0: Ball 1-0: Foul Ball, location: 2F Balk! Chris Moody to second 1-1: Foul Ball, location: 2F 1-2: Fly out, F7 (Flyball, 7LM, EV 82.5 MPH)
|
Batting: RHB Shintaro Katsumata
|
0-0: Fly out, F9 (Flyball, 89D, EV 103.1 MPH)
|
Batting: RHB Micah McErlean
|
0-0: Called Strike 0-1: Ball 1-1: Called Strike 1-2: SINGLE (Groundball, 5L, EV 108.8 MPH) (infield hit) Chris Moody to third
|
Batting: RHB Xavier Castellanos
|
0-0: Foul Ball, location: 2F 0-1: Called Strike 0-2: Foul Ball, location: 2F 0-2: Ball 1-2: Ball 2-2: Ball 3-2: Strikes out swinging
|
Top of the 7th over - 0 runs, 2 hits, 0 errors, 2 left on base; Williamsport 0 - Hillsboro 3 |
BOTTOM OF THE 7TH |
Hillsboro Hops batting - Pitching for Williamsport Crosscutters : RHP David Deon
|
Batting: RHB Ryuki Ogasawara
|
0-0: Ball 1-0: Ball 2-0: Called Strike 2-1: Fly out, F9 (Flyball, 9LM, EV 103.1 MPH)
|
Batting: RHB John Ricketts
|
0-0: SINGLE (Line Drive, 7S, EV 93.1 MPH)
|
Batting: RHB Yutaka Oki
|
0-0: Ball 1-0: Called Strike 1-1: Foul Ball, location: 2F 1-2: SINGLE (Groundball, 34D, EV 101.9 MPH) John Ricketts to second Runner from 2nd tries for 3rd, SAFE, throw by RF made to third Yutaka Oki to second
|
Batting: RHB Daniel Rivera
|
0-0: Called Strike 0-1: Swinging Strike 0-2: Foul Ball, location: 2F 0-2: Ball 1-2: Strikes out swinging
|
Batting: RHB Terry Jarrells
|
0-0: Ball 1-0: Ball 2-0: Called Strike 2-1: Fly out, F3 (Popup, 3, EV 75.0 MPH)
|
Bottom of the 7th over - 0 runs, 2 hits, 0 errors, 2 left on base; Williamsport 0 - Hillsboro 3 |
TOP OF THE 8TH |
Williamsport Crosscutters batting - Pitching for Hillsboro Hops : RHP Jose Rodas
|
Pitching: LHP Matt Bagnall
|
|
Batting: RHB Jason Ostrom
|
0-0: Ball 1-0: Ball 2-0: Called Strike 2-1: Called Strike 2-2: Foul Ball, location: 2F 2-2: Ground out 5-3 (Groundball, 56S, EV 92.5 MPH)
|
Batting: RHB John Manocchio
|
0-0: Called Strike 0-1: Ball 1-1: Swinging Strike 1-2: Ball 2-2: Ball 3-2: Fly out, F9 (Line Drive, 89S, EV 96.2 MPH)
|
Batting: RHB John Parra
|
0-0: Called Strike 0-1: Ball 1-1: Called Strike 1-2: Strikes out swinging
|
Top of the 8th over - 0 runs, 0 hits, 0 errors, 0 left on base; Williamsport 0 - Hillsboro 3 |
BOTTOM OF THE 8TH |
Hillsboro Hops batting - Pitching for Williamsport Crosscutters : RHP David Deon
|
Batting: RHB Mike Swift
|
0-0: Called Strike 0-1: Called Strike 0-2: Ball 1-2: Ball 2-2: Ground out 5-3 (Groundball, 56, EV 85.6 MPH)
|
Batting: LHB Franklin Quezada
|
0-0: Ball 1-0: Called Strike 1-1: Ball 2-1: Foul Ball, location: 2F 2-2: Strikes out swinging
|
Batting: RHB Cesar Rendon
|
0-0: Called Strike 0-1: Foul Ball, location: 2F 0-2: Ground out U3 (Groundball, 3L, EV 103.8 MPH)
|
Bottom of the 8th over - 0 runs, 0 hits, 0 errors, 0 left on base; Williamsport 0 - Hillsboro 3 |
TOP OF THE 9TH |
Williamsport Crosscutters batting - Pitching for Hillsboro Hops : LHP Matt Bagnall
|
Pitching: RHP John Meyer
|
|
Batting: SHB Nick Chandler
|
0-0: Called Strike 0-1: Fly out, F8 (Flyball, 8LS, EV 84.4 MPH)
|
Batting: LHB Chris Moody
|
0-0: Ball 1-0: Ball 2-0: Called Strike 2-1: Ball 3-1: Called Strike 3-2: Foul Ball, location: 2F 3-2: Foul Ball, location: 2F 3-2: Foul Ball, location: 2F 3-2: Strikes out swinging
|
Batting: SHB Art Kent
|
0-0: Ball 1-0: Ball 2-0: Ball 3-0: Called Strike 3-1: Base on Balls
|
Batting: RHB Shintaro Katsumata
|
0-0: Ball 1-0: Foul Ball, location: 2F 1-1: Ground out 4-3 (Groundball, 4, EV 85.6 MPH)
|
Top of the 9th over - 0 runs, 0 hits, 0 errors, 1 left on base; Williamsport 0 - Hillsboro 3 |
|